 Dungeon Crawl Stone Soup version 0.30-a0-652-gcc886f7154 (webtiles) character file.

Game seed: 8330125519286413514

597 Lobster4 the Shooter (level 7, -4/60 HPs)
             Began as a Minotaur Hunter on Jan 17, 2023.
             Slain by a black bear (9 damage)
             ... on level 4 of the Dungeon.
             The game lasted 00:06:40 (3287 turns).

Lobster4 the Shooter (Minotaur Hunter)              Turns: 3287, Time: 00:06:40

Health: -4/60      AC:  5    Str: 16    XL:     7   Next: 17%
Magic:  6/6        EV: 14    Int:  6    God:
Gold:   231        SH:  0    Dex: 19    Spells: 6/6 levels left

rFire   + . .      SeeInvis .    a - +0 shortbow
rCold   + . .      Faith    .    (shield currently unavailable)
rNeg    . . .      Spirit   .    h - +1 robe {rF+}
rPois   .          Reflect  .    (helmet restricted)
rElec   .          Harm     .    k - +1 cloak of Darkness {rC+ Will+ Dex+4}
rCorr   .          Rampage  .    (no gloves)
Will    +....                    (no boots)
Stlth   ++                       (no amulet)
HPRegen 0.30/turn                (no ring)
MPRegen 0.10/turn                (no ring)

@: no status effects
A: horns 2, retaliatory headbutt
a: no special abilities


You were on level 4 of the Dungeon.
You visited 1 branch of the dungeon, and saw 5 of its levels.

You collected 261 gold pieces.
You spent 30 gold pieces at shops.

Inventory:

Hand Weapons
 a - a +0 shortbow (weapon)
 n - a +0 short sword
 y - a +0 sling
Armour
 h - a +1 robe of fire resistance (worn)
 k - the +1 cloak of Darkness (worn) {rC+ Will+ Dex+4}
   (You found it on level 2 of the Dungeon)

   Dex:       It affects your dexterity (+4).
   rC:        It protects you from cold.
   Will:      It increases your willpower.
Jewellery
 x - a +6 ring of intelligence
Wands
 u - a wand of flame (14)
Scrolls
 b - a scroll of immolation
 c - a scroll of brand weapon {unknown}
 d - a scroll of fog {unknown}
 f - 2 scrolls of torment {unknown}
 g - 2 scrolls of teleportation {unknown}
 i - 2 scrolls of poison {unknown}
 j - a scroll of enchant armour {unknown}
 l - a scroll of magic mapping {unknown}
 m - a scroll of noise {unknown}
 p - 2 scrolls of vulnerability {unknown}
 r - a scroll of amnesia {unknown}
 s - 3 scrolls of identify {unknown}
Potions
 e - 2 potions of brilliance {unknown}
 o - a potion of haste {unknown}
 q - 3 potions of curing {unknown}
 t - a potion of invisibility {unknown}
 v - a potion of attraction {unknown}
 w - a potion of lignification


   Skills:
 + Level 4.5 Fighting
 * Level 6.7 Ranged Weapons
 + Level 3.6 Armour
 + Level 4.1 Dodging
 - Level 1.0 Stealth
 + Level 1.7 Evocations


You had 6 spell levels left.
You didn't know any spells.
Your spell library contained the following spells:

 Spells                   Type           Power      Damage    Failure   Level
 Kiss of Death            Conj/Necr      0%         2d5       45%         1
 Sandblast                Erth           0%         2d4       45%         1
 Blink                    Tloc           0%         N/A       58%         2
 Lesser Beckoning         Tloc           0%         N/A       58%         2
 Momentum Strike          Conj/Tloc      0%         3d8       58%         2
 Passwall                 Tmut/Erth      0%         N/A       58%         2
 Scorch                   Fire           0%         2d5       58%         2
 Confusing Touch          Hex            0%         N/A       83%         3
 Stone Arrow              Conj/Erth      0%         3d7       83%         3
 Animate Armour           Summ/Erth      0%         N/A       99%         4
 Dispel Undead            Necr           0%         3d6       99%         4
 Flame Wave               Conj/Fire      0%         2d4       99%         4
 Summon Cactus Giant      Summ           0%         N/A       100%        6
 Lehudib's Crystal Spear  Conj/Erth      0%         10d2      100%        8


Dungeon Overview and Level Annotations

Branches:
Dungeon (5/15)
 Temple: D:4-7

Altars:

Shops:
D:4 *

Annotations:
D:4 exclusion: black bear


Innate Abilities, Weirdness & Mutations

You have a pair of horns on your head.
You reflexively headbutt those who attack you in melee.


Message History

The arrow barely misses the black bear.
You feel sick.
You are no longer poisoned.
The shadow imp barely misses you.
You shoot an arrow. The arrow hits the shadow imp!
You kill the shadow imp!
You shoot an arrow. The arrow hits the black bear.
The black bear is heavily wounded.
The black bear bites you. The black bear barely misses you.
The black bear claws you. The black bear closely misses you.
The black bear claws you but does no damage.
The black bear misses you.
You are too injured to fight recklessly!
You are too injured to fight recklessly!
You are too injured to fight recklessly!
You are too injured to fight recklessly!
You are too injured to fight recklessly!
You are too injured to fight recklessly!
You shoot an arrow. The arrow hits the black bear!
The black bear is almost dead.
The black bear goes berserk!
You shoot an arrow. The arrow hits the black bear.
The black bear is almost dead.
The black bear barely misses you.
The black bear claws you but does no damage.
The black bear claws you.
You shoot an arrow.
The arrow closely misses the black bear.
The black bear bites you!
* * * LOW HITPOINT WARNING * * *
The black bear claws you but does no damage. x2
The black bear bites you.
* * * LOW HITPOINT WARNING * * *
The black bear claws you.
* * * LOW HITPOINT WARNING * * *
The black bear claws you.
* * * LOW HITPOINT WARNING * * *
You shoot an arrow. The arrow hits the black bear.
The black bear is almost dead.
The black bear bites you!
You die...

# ##.....#.#######.## ##
##......#).......>.# .##
##.......#########.####
..##
##......................
...#
#.........#######...####
..##
##......................
#..##
##..#.##.#########...####
##..## ##..##.##.# #####
#...# #...##.##@# #..##
##..##.##h#
##..###..###.##.#
#...#....##>...#
#..###...##..###
###...#.....#..#
...............#
..).......####.#
###.###.#.# #.#


You could see a black bear (berserk).

Vanquished Creatures
  A water moccasin (D:4)
  A centaur (D:5)
  2 orc priests
  2 hounds (D:4)
  3 iguanas
  2 orc wizards
  4 adders
  A shadow imp (D:4)
  A white imp (D:5)
  A worm (D:3)
  5 dart slugs
  13 orcs
  2 bats (D:1)
  8 endoplasms
  A giant cockroach (D:1)
  6 goblins
  9 hobgoblins
  8 jackals
  3 quokkas
  7 ball pythons
  6 frilled lizards (D:1)
  5 kobolds
  7 rats
98 creatures vanquished.

Vanquished Creatures (others)
  3 plants (D:1)
3 creatures vanquished.

Grand Total: 101 creatures vanquished

Notes
Turn   | Place    | Note
-------+----------+-------------------------------------------
     0 | D:1      | Lobster4 the Minotaur Hunter began the quest for the Orb.
     0 | D:1      | Reached XP level 1. HP: 18/18 MP: 0/0
    74 | D:1      | Reached skill level 1 in Stealth
    75 | D:1      | Reached XP level 2. HP: 25/25 MP: 1/1
   331 | D:1      | Reached skill level 1 in Armour
   633 | D:1      | Reached XP level 3. HP: 30/30 MP: 2/2
   837 | D:2      | Identified the +1 cloak of Darkness {rC+ Will+ Dex+4}
   991 | D:1      | Reached skill level 5 in Ranged Weapons
  1342 | D:2      | Reached XP level 4. HP: 38/38 MP: 3/3
  1693 | D:3      | Reached XP level 5. HP: 45/45 MP: 4/4
  2452 | D:4      | Reached skill level 6 in Ranged Weapons
  2471 | D:4      | Noticed a black bear
  2494 | D:4      | Reached XP level 6. HP: 52/52 MP: 5/5
  2559 | D:4      | Found Lyskucro's Luxury Loot.
  2567 | D:4      | Bought a potion of lignification for 30 gold pieces
  2662 | D:4      | Reached skill level 1 in Evocations
  3068 | D:5      | Entered Level 5 of the Dungeon
  3265 | D:5      | Noticed a water moccasin
  3268 | D:5      | Noticed a sky beast
  3277 | D:4      | Killed a water moccasin
  3278 | D:4      | Reached XP level 7. HP: 37/60 MP: 6/6
  3287 | D:4      | Slain by a black bear

Illustrated notes

Levels and vault maps discovered:
D:1:      lightli_arrival_boilingwater, layout_loops_cross, minmay_lizard_king
D:2:      layout_basic
D:3:      layout_loops_ring
D:4:      layout_loops_ring, grunt_ministairs_12, nicolae_alphabet_shops,
          grunt_decor_junction, nicolae_figureground_pulse
D:5:      layout_rooms, cheibrodos_gnoll_hut

Skill      XL: |  1  2  3  4  5  6 |
---------------+-------------------+-----
Stealth        | 1 |  1.0
Armour         | 1 2 3 |  3.6
Fighting       | 3 4 |  4.5
Ranged Weapons | 5 6 |  6.7
Dodging        | 3 4 |  4.1
Evocations     | 1 |  1.7

Action                   |  1- 3 |  4- 6 |  7- 9 || total
-------------------------+-------+-------+-------++-------
 Fire: Shortbow          |   110 |   148 |    10 ||   268
Armor: Leather armour    |     4 |       |       ||     4
       Robe              |     6 |    13 |     4 ||    23
Dodge: Dodged            |    46 |    46 |     8 ||   100

Table legend: (Time is in decaauts)
 A = Elapsed time spent in this place.
 B = Non-inter-level travel time spent in this place.
 C = Inter-level travel time spent in this place.
 D = Time resting spent in this place.
 E = Time spent auto-exploring this place.
 F = Levels seen in this place.
 G = Mean time per level.
                   A        B        C        D        E       F      G
               +--------+--------+--------+--------+--------+-----+--------+
         Total |   3352 |   3144 |    208 |     91 |   2477 |   5 |  670.4 |
       Dungeon |   3352 |   3144 |    208 |     91 |   2477 |   5 |  670.4 |
               +--------+--------+--------+--------+--------+-----+--------+

Top non-repeatable levels by time:
     D:4: 913 daAuts
     D:2: 788 daAuts
     D:3: 756 daAuts
     D:1: 687 daAuts
     D:5: 206 daAuts
